 Dungeon Crawl Stone Soup version 0.27.0-1-g7a089689b8 (webtiles) character file.

Game seed: 16925006459034382870

765 Acheron the Skirmisher (level 7, -4/61 HPs)
             Began as a Minotaur Berserker on Aug 3, 2021.
             Was a Priest of Trog.
             Slain by a two-headed ogre (8 damage)
             ... on level 4 of the Dungeon.
             The game lasted 00:15:02 (4668 turns).

Acheron the Skirmisher (Minotaur Berserker)         Turns: 4668, Time: 00:15:03

Health: -4/61      AC:  6    Str: 22    XL:     7   Next: 52%
Magic:  6/6        EV: 12    Int:  6    God:    Trog [***...]
Gold:   149        SH:  0    Dex:  9    Spells: 6/6 levels left

rFire    . . .     SeeInvis .   j - +4 mace (holy)
rCold    + . .     Faith    .   (no shield)
rNeg     . . .     Spirit   .   r - +2 leather armour {rC+}
rPois    .         Reflect  .   (helmet restricted)
rElec    .         Harm     .   (no cloak)
rCorr    .         Rampage  .   s - +0 pair of gloves
Will     .....                  (no boots)
Stlth    +.........             l - amulet of regeneration
HPRegen  1.20/turn              (no ring)
MPRegen  0.10/turn              (no ring)

@: mighty, lit by a corona, on berserk cooldown, slowed, glowing, very slow
A: horns 2, retaliatory headbutt
a: Renounce Religion, Berserk, Trog's Hand


You were on level 4 of the Dungeon.
You worshipped Trog.
Trog was most pleased with you.
You visited 1 branch of the dungeon, and saw 6 of its levels.

You collected 149 gold pieces.

Inventory:

Hand Weapons
 j - a +4 mace of holy wrath (weapon)
 o - a +1 spear of venom
Missiles
 c - 26 stones
 f - 27 poisoned darts (quivered)
 p - 12 sling bullets
Armour
 b - a +0 scale mail
 h - a +0 ring mail
 r - a +2 leather armour of cold resistance (worn)
 s - a +0 pair of gloves (worn)
Jewellery
 k - an amulet of the acrobat
 l - an amulet of regeneration (around neck)
Wands
 g - a wand of charming (7)
 n - a wand of flame (10)
Potions
 a - 3 potions of flight
 e - a potion of mutation {unknown}
 i - a potion of heal wounds
 m - 2 potions of might
 q - a potion of haste
 t - 2 potions of curing {unknown}


   Skills:
 * Level 5.6 Fighting
 + Level 4.9(6.0) Axes
 * Level 5.3(6.2) Maces & Flails
 * Level 5.0 Armour
 * Level 3.8 Dodging
 * Level 1.9 Stealth


You had 6 spell levels left.
You didn't know any spells.
Your spell library was empty.

Dungeon Overview and Level Annotations

Branches:
Dungeon (6/15)
 Temple: D:4-7

Altars:
Ashenzari
Cheibriados
Dithmenos
Elyvilon
Kikubaaqudgha
Trog
Vehumet
The Shining One

Annotations:
D:3 exclusion: downstairs
D:4 Dowan, Duvessa, Eustachio
D:5 exclusion: downstairs


Innate Abilities, Weirdness & Mutations

You have a pair of horns on your head.
You reflexively headbutt those who attack you in melee.


Message History

Eustachio gestures wildly while chanting.
Eustachio blinks!
The adder closely misses you.
You feel very mighty all of a sudden. The quasit closely misses you.
The quasit claws you but does no damage. x2
The shadow imp puffs mist at you. The quasit barely misses you.
The quasit claws you but does no damage.
The quasit misses you. The centaur skeleton hits you.
The centaur skeleton closely misses you.
You sock the two-headed ogre!
Your headbutt misses the two-headed ogre.
The two-headed ogre is severely wounded.
The quasit closely misses you.
The quasit claws you but does no damage.
The quasit misses you.
The centaur skeleton closely misses you.
You furiously retaliate!
You headbutt the centaur skeleton!
The centaur skeleton closely misses you.
The quasit closely misses you.
The quasit claws you but does no damage.
The quasit closely misses you.
The two-headed ogre hits you with a +0 giant club!
* * * LOW HITPOINT WARNING * * *
The two-headed ogre hits you with a +0 giant club!
* * * LOW HITPOINT WARNING * * *
Eustachio casts a spell.
Eustachio blinks!
You hit the two-headed ogre but do no damage.
The two-headed ogre is severely wounded.
The quasit bites you but does no damage.
The quasit claws you but does no damage. x2
The quasit bites you but does no damage.
The quasit claws you.
* * * LOW HITPOINT WARNING * * *
The quasit claws you.
* * * LOW HITPOINT WARNING * * *
The two-headed ogre closely misses you.
The two-headed ogre hits you with a +0 giant club!
You die...

#.##.............
.......#######. #
#............##....####
#.##
#..................#
#...
......#............#
###. ................+
#.. . #...eJ5).....#
##.. #. ##...ZZgS.....#
#...
...####...###5Or5...##
###(.. ......ยง..##
##@......# #......
.........# ###......
...(... ..:...#.#######
#####.##O......
....e..>....[.K
.=.....<.......
............###
####...........
........##.....
...............
####....# .....
.##.......$.... #.....
##.. #............
#..... . .h........<...


You could see a two-headed ogre, Duvessa, a quasit (summoned), an adder, a river
rat (summoned), a white imp (summoned), a shadow imp (summoned), an endoplasm, a
goblin, an adder skeleton and a centaur skeleton.

Vanquished Creatures
  A necrophage (D:5)
  2 black bears
  A centaur (D:5)
  A wyvern zombie (D:6)
  A scorpion (D:5)
  A hound (D:5)
  Jessica (D:3)
  2 iguanas
  An orc wizard (D:5)
  A hound skeleton (D:5)
  A mummy (D:5)
  A howler monkey skeleton (D:4)
  5 adders
  An adder skeleton (D:5)
  3 worms (D:3)
  2 dart slugs
  18 orcs
  2 endoplasms (D:1)
  2 giant cockroaches (D:1)
  4 goblins
  4 hobgoblins
  5 jackals
  2 quokkas (D:1)
  A ball python (D:3)
  7 bats
  3 frilled lizards
  5 kobolds
  A rat (D:3)
79 creatures vanquished.

Vanquished Creatures (others)
  A wizard (D:3)
  A fungus (D:4)
  15 plants (D:3)
17 creatures vanquished.

Grand Total: 96 creatures vanquished

Notes
Turn   | Place    | Note
-------+----------+-------------------------------------------
     0 | D:1      | Acheron the Minotaur Berserker began the quest for the Orb.
     0 | D:1      | Reached XP level 1. HP: 19/19 MP: 0/0
   206 | D:1      | Reached XP level 2. HP: 22/27 MP: 1/1
   803 | D:1      | Reached ** piety under Trog
   933 | D:2      | Reached XP level 3. HP: 33/33 MP: 2/2
  1531 | D:4      | Noticed Eustachio
  1797 | D:3      | Reached XP level 4. HP: 41/41 MP: 3/3
  1803 | D:3      | Found a bloodstained altar of Trog.
  1989 | D:3      | Noticed Jessica
  1994 | D:3      | Killed Jessica
  1995 | D:3      | Reached skill level 1 in Maces & Flails
  2172 | D:3      | Found a broken altar of Ashenzari.
  2348 | D:4      | Noticed a two-headed ogre
  2362 | D:3      | Reached XP level 5. HP: 33/47 MP: 4/4
  2541 | D:3      | Noticed a wizard
  2543 | D:3      | Killed a wizard
  2603 | D:4      | Noticed an ice beast
  2616 | D:5      | Entered Level 5 of the Dungeon
  2641 | D:5      | Reached skill level 1 in Stealth
  2868 | D:5      | Noticed a necrophage
  2874 | D:5      | Killed a necrophage
  2875 | D:5      | Reached skill level 5 in Fighting
  2875 | D:5      | Reached XP level 6. HP: 45/56 MP: 5/5
  3428 | D:5      | Reached *** piety under Trog
  3746 | D:4      | Noticed Duvessa
  3746 | D:4      | Noticed Dowan
  3876 | D:5      | Found a snail-covered altar of Cheibriados.
  3931 | D:5      | Found a glowing golden altar of the Shining One.
  3953 | D:5      | Reached XP level 7. HP: 53/61 MP: 6/6
  4201 | D:5      | Found a shadowy altar of Dithmenos.
  4271 | D:5      | Found an ancient bone altar of Kikubaaqudgha.
  4271 | D:5      | Found a radiant altar of Vehumet.
  4279 | D:5      | Found a white marble altar of Elyvilon.
  4281 | D:5      | Found a faded altar of an unknown god.
  4283 | D:5      | Found a faded altar of an unknown god.
  4385 | D:6      | Reached skill level 5 in Maces & Flails
  4652 | D:4      | Reached skill level 5 in Armour
  4668 | D:4      | Slain by a two-headed ogre

Illustrated notes

Levels and vault maps discovered:
D:1:      psy_arrival_spokes, layout_basic, serial_park_tiny_2,
          minmay_misc_feat_five
D:2:      layout_rooms, shapermc_ecumenical_altar_rom_forum, serial_glass,
          glass_columns_b, glass_columns_a, glass_columns_a, glass_columns_b
D:3:      layout_loops_ring, trog_wizard, old_standard_altar, kennysheep_boxes,
          uniq_jessica
D:4:      layout_rooms, okawaru_altar_gauntlet_db,
          hangedman_decor_diamond_cutter, uniq_duvessa, uniq_eustachio,
          uniq_crazy_yiuf_cottage
D:5:      layout_loops_cross, slow_altar_2, grunt_dithmenos_smoke,
          chequers_temple_overflow_minitemple, tso_metal_star
D:6:      layout_cave_pods, minmay_misc_feat_alley, grunt_ministairs_3,
          hangedman_decor_clover_reticule, kennysheep_dice, uniq_blork_the_orc,
          uniq_edmund

Skill      XL: |  1  2  3  4  5  6  7 |
---------------+----------------------+-----
Axes           | 4 |  4.9
Fighting       | 4 5 |  5.6
Maces & Flails | 1 3 4 5 |  5.3
Armour         | 3 4 5 |  5.0
Dodging        | 3 |  3.8
Stealth        | 1 |  1.9

Action                   |  1- 3 |  4- 6 |  7- 9 || total
-------------------------+-------+-------+-------++-------
Melee: Hand axe          |    57 |       |       ||    57
       Headbutt          |    13 |    13 |     9 ||    35
       Mace              |    26 |    74 |    47 ||   147
Throw: Dart              |       |     1 |       ||     1
Invok: Berserk           |       |     1 |     1 ||     2
  Use: Scroll            |       |     5 |     3 ||     8
       Potion            |       |       |     2 ||     2
Armor: Animal skin       |    15 |       |       ||    15
       Ring mail         |     5 |       |       ||     5
       Scale mail        |     4 |    17 |       ||    21
       Leather armour    |       |    14 |    23 ||    37
Dodge: Dodged            |    63 |    52 |    52 ||   167
